 Dungeon Crawl Stone Soup version 0.32-a0-705-g60f233581c (webtiles) character file.

Game seed: 17465042319637981222

1250 hikkokomori the Shooter (level 8, -1/60 HPs)
             Began as a Coglin Hunter on Mar 14, 2024.
             Was an Initiate of Okawaru.
             Killed from afar by a gargoyle (18 damage)
             ... with a stone arrow
             ... on level 7 of the Dungeon.
             The game lasted 00:11:04 (4982 turns).

hikkokomori the Shooter (Coglin Hunter)             Turns: 4982, Time: 00:11:04

Health: -1/60      AC:  4    Str: 12    XL:     8   Next: 50%
Magic:  8/10       EV: 16    Int:  9    God:    Okawaru [......]
Gold:   410        SH:  0    Dex: 19    Spells: 7/7 levels left

rFire   . . .        a - +2 sling {Thabo}
rCold   . . .        d - +0 sling {Impisi}
rNeg    . . .        c - +0 leather armour
rPois   .            k - +0 helmet
rElec   .            (no cloak)
rCorr   .            (no gloves)
SInv    .            (no boots)
Will    .....        (amulet unavailable)
Stlth   ++++         (ring unavailable)
HPRegen 0.30/turn    (ring unavailable)
MPRegen 0.12/turn    (no gizmo)

%: no passive effects
@: heroic, revved
A: off-hand wielding, slow wielding, warmup strikes, no jewellery
a: Invent Gizmo, Renounce Religion


You were on level 7 of the Dungeon.
You worshipped Okawaru.
Okawaru was noncommittal.
You visited 2 branches of the dungeon, and saw 8 of its levels.
You also visited: Ossuary.

You collected 538 gold pieces.
You spent 128 gold pieces at shops.

Inventory:

Hand Weapons
 a - a +2 sling (weapon) {Thabo}
 d - a +0 sling (offhand) {Impisi}
 u - the +3 rapier "Kumehing" {drain, rPois rN+}
   (You found it on level 5 of the Dungeon)

   rPois:     It protects you from poison.
   rN+:       It protects you from negative energy.
Missiles
 B - 5 curare-tipped darts
Armour
 c - a +0 leather armour (worn)
 k - a +0 helmet (worn)
 n - a +0 ring mail
 w - +0 fire dragon scales
 y - the +0 scale mail of Perfidy {rElec rN++ Int-4 Dex+3}
   (You found it on level 6 of the Dungeon)

   Int-4:     It affects your intelligence (-4).
   Dex+3:     It affects your dexterity (+3).
   rElec:     It insulates you from electricity.
   rN++:      It greatly protects you from negative energy.
Wands
 r - a wand of flame (8)
 z - a wand of polymorph (8)
Scrolls
 b - a scroll of butterflies
 e - a scroll of immolation {unknown}
 f - 2 scrolls of poison {unknown}
 h - 3 scrolls of teleportation
 j - 3 scrolls of vulnerability
 o - 2 scrolls of fear
 A - 2 scrolls of amnesia
Potions
 g - 4 potions of ambrosia
 i - 4 potions of curing
 l - 2 potions of mutation
 m - a potion of heal wounds {unknown}
 p - a potion of attraction {unknown}
 q - 2 potions of might
 s - a potion of cancellation {unknown}
 t - 2 potions of enlightenment
 v - a potion of resistance {unknown}
 x - a potion of invisibility {unknown}


   Skills:
 - Level 4.1(9.1) Fighting
 + Level 6.1(11.1) Ranged Weapons
 - Level 3.3(8.3) Dodging
 - Level 3.0(8.0) Stealth
 + Level 3.0 Invocations
 + Level 5.4 Evocations


You had 7 spell levels left.
You didn't know any spells.
Your spell library was empty.

Dungeon Overview and Level Annotations

Branches:
Dungeon (7/15)             Temple (1/1) D:5         Ossuary (visited)

Altars:
Ashenzari
Cheibriados
Dithmenos
Elyvilon
Fedhas
Gozag
Hepliaklqana
Kikubaaqudgha
Makhleb
Nemelex Xobeh
Okawaru
Qazlal
Ru
Sif Muna
Trog
Uskayaw
Vehumet
Wu Jian
Xom
Yredelemnul
The Shining One

Shops:
D:2 *   D:4 *


Innate Abilities, Weirdness & Mutations

You can wield a second weapon in your off-hand.
It takes a long time for you to wield or remove held weapons.
Your first few attacks do less damage.
You cannot equip rings or amulets.


Message History

You are too injured to fight recklessly!
You are too injured to fight recklessly!
You are too injured to fight recklessly!
You are too injured to fight recklessly!
You are too injured to fight recklessly!
You are too injured to fight recklessly!
You are too injured to fight recklessly!
Unknown command.
You gain the combat prowess of a mighty hero.
You can no longer gain great but temporary skills.
The gargoyle completely misses you.
You shoot a sling bullet.
The sling bullet hits the gargoyle but does no damage.
The gargoyle is heavily damaged.
You shoot a sling bullet. The sling bullet hits the gargoyle.
The gargoyle is heavily damaged.
The gargoyle hits you with a +0 dire flail!!
* * * LOW HITPOINT WARNING * * *
You shoot a sling bullet.
The sling bullet hits the gargoyle but does no damage.
The gargoyle is heavily damaged.
You shoot a sling bullet.
The sling bullet hits the gargoyle but does no damage.
The gargoyle is heavily damaged.
The gargoyle closely misses you.
Aiming: Polymorph
Press: ? - help, Shift-Dir - straight line, f/p - gargoyle
Aim: a gargoyle, wielding a +0 dire flail (heavily damaged, not susceptible)
Okay, then.
Okay, then.
Press: ? - help, v - describe, . - travel
Here: a gargoyle, wielding a +0 dire flail (heavily damaged)
The floor, spattered with blood.
You shoot a sling bullet.
The sling bullet barely misses the gargoyle.
You shoot a sling bullet.
The sling bullet barely misses the gargoyle.
The gargoyle hurls a stone arrow at you.
The stone arrow hits you!!
You die...

# .##
###########..#
# .......<#...
...
........#.#..#
........@9..#
...........##
######.......)#
######...# #..#
.... .). ..


You could see a gargoyle.

Vanquished Creatures
  A water moccasin (D:5)
  A centaur (D:5)
  A phantom (D:5)
  A weeping skull (Ossuary)
  2 elf zombies (Ossuary)
  3 scorpions
  A burial acolyte (Ossuary)
  2 bombardier beetles (D:5)
  A centaur zombie (Ossuary)
  A hound (D:5)
  2 orc priests (D:4)
  A jelly (D:5)
  An orc wizard (D:4)
  2 iguanas
  3 mummies
  3 gnolls (D:4)
  14 adders
  An adder zombie (Ossuary)
  3 dart slugs
  A ribbon worm (D:2)
  6 orcs
  A ball python (D:1)
  3 endoplasms
  2 giant cockroaches
  5 goblins
  5 hobgoblins
  5 jackals
  3 kobolds
  5 quokkas
  4 bats
  2 frilled lizards
  An orc zombie (Ossuary)
  3 rats
90 creatures vanquished.

Vanquished Creatures (others)
  An endoplasm (D:2)
1 creature vanquished.

Grand Total: 91 creatures vanquished

Notes
Turn   | Place    | Note
-------+----------+-------------------------------------------
     0 | D:1      | hikkokomori the Coglin Hunter began the quest for the Orb.
     0 | D:1      | Reached XP level 1. HP: 16/16 MP: 1/1
    98 | D:1      | Reached skill level 1 in Stealth
   184 | D:1      | Reached XP level 2. HP: 22/22 MP: 2/2
   673 | D:2      | Reached XP level 3. HP: 28/28 MP: 3/3
   877 | D:2      | Found a transporter.
   879 | D:2      | Found Sueleula's General Store.
  1073 | D:2      | Reached skill level 4 in Ranged Weapons
  1292 | D:2      | Found a transporter.
  1344 | D:2      | Bought a potion of curing for 42 gold pieces
  1406 | D:2      | Reached XP level 4. HP: 34/34 MP: 4/4
  2457 | D:4      | Reached XP level 5. HP: 41/41 MP: 5/5
  2522 | D:4      | Reached XP level 6. HP: 47/47 MP: 6/6
  2930 | D:4      | Found Gitif's General Store.
  2938 | D:4      | Bought a scroll of teleportation for 30 gold pieces
  2938 | D:4      | Bought a wand of flame (8) for 56 gold pieces
  3297 | D:5      | Entered Level 5 of the Dungeon
  3341 | D:5      | Found a staircase to the Ecumenical Temple.
  3355 | Temple   | Entered the Ecumenical Temple
  3466 | Temple   | Became a worshipper of Warmaster Okawaru
  3496 | D:5      | Reached skill level 1 in Evocations
  3496 | D:5      | Reached XP level 7. HP: 42/54 MP: 7/7
  3638 | D:5      | Reached skill level 5 in Ranged Weapons
  3646 | D:5      | Identified the +3 rapier "Kumehing" {drain, rPois rN+}
  3748 | D:5      | Reached skill level 1 in Invocations
  4051 | D:5      | Reached * piety under Okawaru
  4211 | D:6      | Identified the +0 scale mail of Perfidy {rElec rN++ Int-4
                  | Dex+3}
  4231 | D:6      | Reached XP level 8. HP: 30/60 MP: 9/9
  4327 | D:6      | Found a sand-covered staircase.
  4517 | Ossuary  | Entered an ossuary
  4517 | Ossuary  | Found a huge runed translucent gate.
  4517 | Ossuary  | Found a huge runed translucent gate.
  4517 | Ossuary  | Found a huge runed translucent gate.
  4517 | Ossuary  | Found a huge runed translucent gate.
  4517 | Ossuary  | Found a huge runed translucent gate.
  4517 | Ossuary  | Found a huge runed translucent gate.
  4517 | Ossuary  | Found a huge runed translucent gate.
  4517 | Ossuary  | Found a huge runed translucent gate.
  4517 | Ossuary  | Found a huge runed translucent gate.
  4518 | Ossuary  | Found a huge runed translucent gate.
  4518 | Ossuary  | Found a huge runed translucent gate.
  4519 | Ossuary  | Found a huge runed translucent gate.
  4519 | Ossuary  | Found a huge runed translucent gate.
  4521 | Ossuary  | Found a huge runed translucent gate.
  4521 | Ossuary  | Found a huge runed translucent gate.
  4538 | Ossuary  | Found a huge runed translucent gate.
  4538 | Ossuary  | Found a huge runed translucent gate.
  4538 | Ossuary  | Found a huge runed translucent gate.
  4538 | Ossuary  | Found a huge runed translucent gate.
  4538 | Ossuary  | Found a huge runed translucent gate.
  4539 | Ossuary  | Found a huge runed translucent gate.
  4539 | Ossuary  | Found a huge runed translucent gate.
  4541 | Ossuary  | Found a huge runed translucent gate.
  4541 | Ossuary  | Found a huge runed translucent gate.
  4542 | Ossuary  | Found a huge runed translucent gate.
  4542 | Ossuary  | Found a huge runed translucent gate.
  4543 | Ossuary  | Found a huge runed translucent gate.
  4543 | Ossuary  | Found a huge runed translucent gate.
  4545 | Ossuary  | Found a huge runed translucent gate.
  4545 | Ossuary  | Found a huge runed translucent gate.
  4595 | Ossuary  | Found a huge runed translucent gate.
  4595 | Ossuary  | Found a huge runed translucent gate.
  4595 | Ossuary  | Found a huge runed translucent gate.
  4595 | Ossuary  | Found a huge runed translucent gate.
  4595 | Ossuary  | Found a huge runed translucent gate.
  4639 | Ossuary  | Reached skill level 6 in Ranged Weapons
  4639 | Ossuary  | Reached skill level 5 in Evocations
  4971 | D:7      | Noticed a gargoyle
  4982 | D:7      | Killed from afar by a gargoyle

Illustrated notes

Levels and vault maps discovered:
D:1:      psy_arrival_basics, layout_loops_ring
D:2:      layout_loops_ring, serial_shops, nicolae_shop_drivethru,
          grunt_decor_cap, lemuel_flame_loot_1
D:3:      layout_basic, uniq_crazy_yiuf_cottage
D:4:      layout_layer_cave, serial_shops, nicolae_shop_peninsula
D:5:      layout_rooms, minmay_temple_entry_ruins
D:6:      layout_basic, gup_ossuary_entry_pyramid
D:7:      layout_basic, kb_rosetta
Temple:   mainiacjoe_temple_trianglar_array

Skill      XL: |  1  2  3  4  5  6  7  8 |
---------------+-------------------------+-----
Stealth        | 1 2 3 |  3.0
Dodging        | 2 3 |  3.3
Ranged Weapons | 4 5 6 |  6.1
Fighting       | 3 4 |  4.1
Evocations     | 1 4 5 |  5.4
Invocations    | 2 3 |  3.0

Action                     |  1- 3 |  4- 6 |  7- 9 || total
---------------------------+-------+-------+-------++-------
   Fire: Sling             |   132 |   218 |   270 ||   620
 Invoke: Heroism           |       |       |     3 ||     3
    Use: Scroll            |     3 |       |     6 ||     9
 Armour: Leather armour    |     3 |    25 |    46 ||    74
  Dodge: Dodged            |    14 |    19 |    62 ||    95

Table legend: (Time is in decaauts)
 A = Elapsed time spent in this place.
 B = Non-inter-level travel time spent in this place.
 C = Inter-level travel time spent in this place.
 D = Time resting spent in this place.
 E = Time spent auto-exploring this place.
 F = Levels seen in this place.
 G = Mean time per level.
                   A        B        C        D        E       F      G
               +--------+--------+--------+--------+--------+-----+--------+
         Total |   5039 |   4857 |    182 |    190 |   3773 |   9 |  559.9 |
       Dungeon |   4702 |   4566 |    136 |     75 |   3729 |   7 |  671.7 |
        Temple |    134 |     88 |     46 |     87 |      0 |   1 |  134.0 |
       Ossuary |    201 |    201 |      0 |     28 |     44 |   1 |  201.0 |
               +--------+--------+--------+--------+--------+-----+--------+

Top non-repeatable levels by time:
     D:4: 1007 daAuts
     D:2: 871 daAuts
     D:3: 778 daAuts
     D:5: 745 daAuts
     D:1: 677 daAuts
     D:6: 549 daAuts
 Ossuary: 201 daAuts
  Temple: 134 daAuts
     D:7: 73 daAuts
